 Dungeon Crawl Stone Soup version 0.31-a0-865-g3d5d91748a (webtiles) character file.

Game seed: 2105826286745671430

8679 gruber the Devastator (level 11, -11/75 HPs)
             Began as a Demonspawn Ice Elementalist on Oct 9, 2023.
             Was a Priest of Vehumet.
             Mangled by a white ugly thing (34 damage)
             ... on level 9 of the Dungeon on Oct 10, 2023.
             The game lasted 00:19:12 (9086 turns).

gruber the Devastator (Demonspawn Ice Elementalist) Turns: 9086, Time: 00:19:15

Health: -11/75     AC: 25    Str:  9    XL:     11   Next: 13%
Magic:  0/19       EV: 12    Int: 27    God:    Vehumet [***...]
Gold:   539        SH:  4    Dex: 13    Spells: 4/20 levels left

rFire   . . .        l - +1 whip (elec)
rCold   . . .        I - +0 buckler
rNeg    . . .        G - +1 robe {Will+}
rPois   .            (no helmet)
rElec   .            w - +0 cloak
rCorr   .            H - +0 pair of gloves
SInv    .            K - +3 pair of seven-league boots {Rampage+∞}
Will    +....        (no amulet)
Stlth   ++           L - +4 ring of protection
HPRegen 0.32/turn    t - +6 ring of intelligence
MPRegen 0.32/turn

%: guardian spirit, rampage+∞
@: ice-armoured, freezing walls
A: molten scales 2, demonic guardian 1, magic shield, magic regeneration,
weakness stinger 1
a: Renounce Religion


You were on level 9 of the Dungeon.
You worshipped Vehumet.
Vehumet was most pleased with you.
You visited 2 branches of the dungeon, and saw 10 of its levels.

You collected 539 gold pieces.

Inventory:

Hand Weapons
 l - a +1 whip of electrocution (weapon)
 F - a +2 hand axe of venom
Missiles
 k - 2 throwing nets
Armour
 w - a +0 cloak (worn)
 G - a +1 robe of willpower (worn)
 H - a +0 pair of gloves (worn)
 I - a +0 buckler (worn)
 K - the +3 pair of seven-league boots (worn) {Rampage+∞}
   (You found it on level 9 of the Dungeon)

   Rampage+∞: When moving toward enemies, its wearer moves as far as possible,
   alerting their target en route.
Jewellery
 p - a ring of poison resistance
 q - a ring of resist corrosion
 r - a ring of positive energy
 s - a ring of flight
 t - a +6 ring of intelligence (right hand)
 D - a ring of ice
 J - a +5 ring of evasion
 L - a +4 ring of protection (left hand)
Scrolls
 a - a scroll of brand weapon {unknown}
 c - 2 scrolls of vulnerability {unknown}
 f - 6 scrolls of teleportation
 g - 2 scrolls of noise {unknown}
 h - 2 scrolls of identify
 j - 3 scrolls of poison {unknown}
 m - a scroll of blinking {unknown}
 n - 3 scrolls of enchant weapon {unknown}
 o - a scroll of fear {unknown}
 x - 2 scrolls of immolation {unknown}
 y - 2 scrolls of enchant armour {unknown}
 M - a scroll of amnesia {unknown}
Potions
 b - 3 potions of magic
 d - a potion of attraction
 e - a potion of lignification {unknown}
 i - 3 potions of curing
 u - 3 potions of brilliance {unknown}
 v - a potion of resistance {unknown}
 z - a potion of degeneration {unknown}
 A - a potion of heal wounds {unknown}
 B - 2 potions of haste {unknown}
 C - a potion of mutation {unknown}
 E - a potion of enlightenment {unknown}


   Skills:
 - Level 3.0 Fighting
 - Level 3.0 Dodging
 - Level 1.7 Stealth
 * Level 5.3 Spellcasting
 - Level 15.8 Conjurations
 - Level 9.8 Ice Magic


You had 4 spell levels left.
You knew the following spells:

 Your Spells              Type           Power      Damage    Failure   Level
a - Freeze                Ice            100%       1d10      1%          1
b - Frozen Ramparts       Ice            100%       1d16      1%          3
c - Ozocubu's Armour      Ice            57%        N/A       1%          3
d - Hailstorm             Conj/Ice       66%        3d14      1%          3
e - Magic Dart            Conj           100%       1d8       0%          1
f - Irradiate             Conj/Tmut      25%        3d20      3%          5

Your spell library contained the following spells:

 Spells                   Type           Power      Damage    Failure   Level
 Airstrike                Air            3%         2d(1-17)  26%         4
 Poisonous Vapours        Pois/Air       14%        N/A       4%          2
 Sting                    Tmut/Pois      28%        1d4       11%         1
 Summon Ice Beast         Ice/Summ       33%        N/A       14%         4
 Sublimation of Blood     Necr           7%         N/A       16%         2
 Wereblood                Tmut           7%         N/A       16%         2
 Olgreb's Toxic Radiance  Pois           7%         N/A       26%         4
 Petrify                  Tmut/Erth      7%         N/A       71%         4
 Arcjolt                  Conj/Air       25%        1d35      3%          5


Dungeon Overview and Level Annotations

Branches:
Dungeon (9/15)             Temple (1/1) D:4            Lair (0/5) D:8
    Orc (0/2) D:9

Altars:
Dithmenos
Fedhas
Gozag
Kikubaaqudgha
Makhleb
Nemelex Xobeh
Qazlal
Trog
Uskayaw
Vehumet
Wu Jian
Yredelemnul
Jiyva

Shops:
D:5 [   D:8 :

Annotations:
D:9 4 runed translucent doors, Harold; Tenar's ghost, journeyman TrFi


Innate Abilities, Weirdness & Mutations

You are mostly covered in molten scales. (AC +3)
A weak demonic guardian rushes to your aid.
When hurt, damage is shared between your health and your magic reserves.
You regenerate magic rapidly.
You have a small tail.


Message History

The deep elf pyromancer is almost dead.
The wall freezes the deep elf pyromancer!
You kill the deep elf pyromancer!
Vehumet accepts your kill.
The white ugly thing resists.
The wall freezes the white ugly thing.
The white ugly thing engulfs you! The white ugly thing freezes you!!
A demonic guardian appears!
The wall freezes the tengu warrior but does no damage.
The tengu warrior hits you from afar with a +0 glaive!
Your Spellcasting skill increases to level 5!
Unknown command.
Unknown command.
Unknown command.
Unknown command.
Unknown command.
Casting: Hailstorm (safe; 1% risk of failure)
Confirm with . or Enter, or press ? or * to list all spells.
Casting: Hailstorm (safe; 1% risk of failure)
Press: ? - help, Dir - look around, f - activate A cannonade of hail descends around you!
The hail misses the tengu warrior.
The wall freezes the tengu warrior.
The tengu warrior hits you but does no damage.
The white ugly thing resists.
The wall freezes the white ugly thing.
The white ugly thing barely misses you.
Unknown command.
Unknown command.
Unknown command.
Unknown command.
Casting: Hailstorm (safe; 1% risk of failure)
Confirm with . or Enter, or press ? or * to list all spells.
You don't have enough magic to cast this spell.
Unknown command.
Unknown command.
You barely miss the white ugly thing.
The white ugly thing is lightly wounded.
The wall freezes the tengu warrior!
The tengu warrior hits you from afar with a +0 glaive!
The white ugly thing resists.
The wall freezes the white ugly thing.
The white ugly thing engulfs you. The white ugly thing freezes you!!
You die...

..+......#..+..# #..+
+ ..#...J.##..#.. ..#
# ####...##...# # #
######....# # #
#.........# # #
#.........### # #
#.........#.. # #
#.........#.####### #
# #.........#.#5@uQ)#
#
###.........#.#.###.#
# ............+('.# +
###........5#.#.# # #
#......>..#.#... # #
#.........#.##### # #
#.........#.. # #
#.........### # #
#........B# #


You could see a white ugly thing (ally target), a tengu warrior and a friendly
shadow imp (summoned).

Vanquished Creatures
  Erolcha (D:9)
  A deep elf pyromancer (D:9)
  A cyclops (D:9)
  Joseph (D:9)
  A troll (D:9)
  2 hornets
  7 yaks (D:8)
  3 wyverns (D:8)
  A basilisk (D:8)
  A steam dragon (D:9)
  4 water moccasins
  A black bear (D:5)
  7 orc warriors
  3 ogres (D:5)
  4 centaurs
  A phantom (D:5)
  A bullfrog (D:7)
  2 gnoll sergeants
  2 kobold brigands
  5 scorpions
  14 wights
  9 killer bees
  2 howler monkeys
  6 hounds
  2 jellies
  3 orc priests
  A gnoll bouda (D:5)
  5 orc wizards
  3 iguanas
  12 gnolls
  12 adders
  A shadow imp (D:8)
  2 white imps
  2 ufetubi (D:5)
  3 worms (D:4)
  15 dart slugs
  25 orcs
  3 bats
  8 endoplasms
  4 giant cockroaches
  9 goblins
  6 hobgoblins
  2 jackals (D:2)
  4 quokkas
  7 ball pythons
  A frilled lizard (D:1)
  18 kobolds
  3 rats
231 creatures vanquished.

Notes
Turn   | Place    | Note
-------+----------+-------------------------------------------
     0 | D:1      | gruber the Demonspawn Ice Elementalist began the quest for
                  | the Orb.
     0 | D:1      | Reached XP level 1. HP: 13/13 MP: 3/3
   349 | D:1      | Gained mutation: You regenerate magic rapidly. [demonic
                  | ancestry]
   349 | D:1      | Reached XP level 2. HP: 17/19 MP: 5/5
   467 | D:1      | Found a faded altar of an unknown god.
   824 | D:2      | Reached XP level 3. HP: 24/24 MP: 3/6
   884 | D:1      | Learned a level 3 spell: Frozen Ramparts
  1011 | D:2      | Reached skill level 5 in Ice Magic
  1190 | D:2      | Reached XP level 4. HP: 30/30 MP: 7/7
  1216 | D:2      | Got a well-preserved book
  1888 | D:3      | Gained mutation: You are partially covered in molten
                  | scales. (AC +2) [demonic ancestry]
  1888 | D:3      | Reached XP level 5. HP: 35/35 MP: 8/8
  2175 | D:3      | Learned a level 3 spell: Ozocubu's Armour
  2884 | D:4      | Gained mutation: You have a small tail. [demonic ancestry]
  2884 | D:4      | Reached XP level 6. HP: 37/41 MP: 5/10
  3175 | D:4      | Found a staircase to the Ecumenical Temple.
  3242 | D:4      | Found an opulent altar of Gozag.
  3249 | D:4      | Found an ancient bone altar of Kikubaaqudgha.
  3462 | Temple   | Entered the Ecumenical Temple
  3472 | Temple   | Became a worshipper of Vehumet
  3495 | D:5      | Entered Level 5 of the Dungeon
  3604 | D:6      | Reached skill level 1 in Fighting
  3604 | D:6      | Gained mutation: A weak demonic guardian rushes to your
                  | aid. [demonic ancestry]
  3604 | D:6      | Reached XP level 7. HP: 38/48 MP: 8/13
  4019 | D:5      | Gained mutation: You are mostly covered in molten scales.
                  | (AC +3) [demonic ancestry]
  4019 | D:5      | Reached XP level 8. HP: 48/58 MP: 6/14
  4624 | D:5      | Found a bloodstained altar of Trog.
  4693 | D:5      | Found Uguthre's Armour Shoppe.
  4889 | D:5      | Learned a level 3 spell: Hailstorm
  5040 | D:6      | Reached * piety under Vehumet
  5040 | D:6      | Offered knowledge of Magic Dart by Vehumet.
  5135 | D:6      | Reached skill level 1 in Conjurations
  5145 | D:5      | Upgraded the game from 0.31-a0-859-g9dce7d3444 to
                  | 0.31-a0-865-g3d5d91748a
  5267 | D:6      | Reached skill level 2 in Conjurations
  5302 | D:6      | Reached skill level 3 in Conjurations
  5379 | D:6      | Reached XP level 9. HP: 58/62 MP: 15/15
  5383 | D:6      | Reached skill level 4 in Conjurations
  5764 | D:7      | Reached skill level 5 in Conjurations
  5828 | D:7      | Reached skill level 6 in Conjurations
  5849 | D:7      | Learned a level 1 spell: Magic Dart
  6104 | D:7      | Reached skill level 7 in Conjurations
  6882 | D:8      | Reached skill level 8 in Conjurations
  6908 | D:8      | Found Gaalop's Book Emporium.
  6976 | D:8      | Reached skill level 9 in Conjurations
  7024 | D:8      | Offered knowledge of Shock by Vehumet.
  7024 | D:8      | Reached ** piety under Vehumet
  7027 | D:8      | Reached skill level 10 in Conjurations
  7148 | D:8      | Reached skill level 11 in Conjurations
  7154 | D:8      | Reached skill level 12 in Conjurations
  7196 | D:8      | Reached XP level 10. HP: 70/70 MP: 8/16
  7271 | D:8      | Reached skill level 13 in Conjurations
  7278 | D:8      | Learned a level 5 spell: Irradiate
  7580 | D:8      | Reached skill level 14 in Conjurations
  8012 | D:8      | Found a staircase to the Lair.
  8102 | D:8      | Offered knowledge of Momentum Strike by Vehumet.
  8434 | D:9      | Found a runed translucent gate.
  8434 | D:9      | Found a runed translucent gate.
  8435 | D:9      | Found a runed translucent gate.
  8439 | D:9      | Noticed Tenar's ghost (journeyman TrFi)
  8442 | D:9      | Found a viscous altar of Jiyva.
  8461 | D:9      | Reached *** piety under Vehumet
  8529 | D:9      | Noticed Erolcha
  8542 | D:9      | Killed Erolcha
  8543 | D:9      | Reached skill level 15 in Conjurations
  8588 | D:9      | Found the +3 pair of seven-league boots {Rampage+∞}
  8606 | D:9      | Found a runed translucent door.
  8621 | D:9      | Found a basalt altar of Yredelemnul.
  8645 | D:9      | Noticed Joseph
  8661 | D:9      | Killed Joseph
  8755 | D:9      | Offered knowledge of Airstrike by Vehumet.
  8799 | D:9      | Found a staircase to the Orcish Mines.
  8831 | D:9      | Noticed Harold
  8896 | D:9      | Noticed a cyclops
  8898 | D:9      | Killed a cyclops
  8898 | D:9      | Noticed a boulder beetle
  8899 | D:9      | Gained mutation: When hurt, damage is shared between your
                  | health and your magic reserves. [demonic ancestry]
  8899 | D:9      | Reached XP level 11. HP: 75/75 MP: 11/17
  9080 | D:9      | Noticed a tengu warrior
  9081 | D:9      | Noticed a white ugly thing
  9082 | D:9      | Noticed a deep elf pyromancer
  9084 | D:9      | Killed a deep elf pyromancer
  9085 | D:9      | Reached skill level 5 in Spellcasting
  9086 | D:9      | Mangled by a white ugly thing

Illustrated notes

Levels and vault maps discovered:
D:1:      co_arrival_square_in_a_square_in_a_square, layout_loops_cross,
          chequers_ecumenical_altar_simple
D:2:      layout_basic
D:3:      kennysheep_slugbush, layout_basic
D:4:      layout_rooms, mainiacjoe_overflow_large_starburst,
          minmay_temple_entry_slanted
D:5:      layout_cave_pools, nicolae_overflow_crystal_walls, serial_shops,
          nicolae_lakefront_shop, roderic_serpentine_path,
          ebering_dispersal_statue_hall, minmay_manual_mandibuliform
D:6:      layout_cave_pools
D:7:      layout_basic
D:8:      layout_cave_pools, minmay_lair_entry_grove, serial_shops, shop,
          lemuel_flame_loot_1
D:9:      minmay_the_grid_3x2 [minmay_the_grid_holed_spiral,
          minmay_the_grid_dragon_b, minmay_the_grid_armoury,
          minmay_the_grid_box_x, minmay_the_grid_outer_diamond,
          minmay_the_grid_prize_shrinking_boxes], layout_long_grid,
          dreamdust_divine_triumvirate, dk_yredelemnul_ordeal, led_sif_book,
          david_orc_4, gammafunk_ghost_ooze, uniq_joseph, uniq_harold,
          uniq_erolcha
Temple:   nicolae_temple_godpark

Skill      XL: |  1  2  3  4  5  6  7  8  9 10 11 |
---------------+----------------------------------+-----
Ice Magic      | 4 5 6 7 9 |  9.8
Spellcasting   | 3 4 5 |  5.3
Dodging        | 3 |  3.0
Fighting       | 1 3 |  3.0
Conjurations   | 3 12 15 | 15.8
Stealth        | |  1.7

Action                     |  1- 3 |  4- 6 |  7- 9 | 10-12 || total
---------------------------+-------+-------+-------+-------++-------
  Melee: Whip              |       |       |    79 |    45 ||   124
         Tailslap          |       |       |    11 |    10 ||    21
         Punch             |       |       |     3 |     1 ||     4
   Fire: Sling             |    62 |   204 |    24 |       ||   290
   Cast: Freeze            |    28 |    50 |    40 |     1 ||   119
         Frozen Ramparts   |       |     9 |    31 |    24 ||    64
         Ozocubu's Armour  |       |     1 |    22 |    14 ||    37
         Hailstorm         |       |       |    12 |    32 ||    44
         Magic Dart        |       |       |    31 |    27 ||    58
         Irradiate         |       |       |       |     2 ||     2
    Use: Scroll            |       |       |       |     3 ||     3
         Potion            |       |       |       |     1 ||     1
   Stab: Distracted        |       |       |     1 |       ||     1
 Armour: Robe              |    13 |    78 |   105 |    71 ||   267
  Dodge: Dodged            |    22 |    72 |    86 |    56 ||   236
  Block: Buckler           |       |       |       |     5 ||     5

Table legend: (Time is in decaauts)
 A = Elapsed time spent in this place.
 B = Non-inter-level travel time spent in this place.
 C = Inter-level travel time spent in this place.
 D = Time resting spent in this place.
 E = Time spent auto-exploring this place.
 F = Levels seen in this place.
 G = Mean time per level.
                   A        B        C        D        E       F      G
               +--------+--------+--------+--------+--------+-----+--------+
         Total |   9221 |   8541 |    680 |    329 |   6481 |  10 |  922.1 |
       Dungeon |   9200 |   8540 |    660 |    329 |   6481 |   9 | 1022.2 |
        Temple |     20 |      1 |     19 |      0 |      0 |   1 |   20.0 |
               +--------+--------+--------+--------+--------+-----+--------+

Top non-repeatable levels by time:
     D:5: 1465 daAuts
     D:8: 1340 daAuts
     D:7: 1146 daAuts
     D:3: 1059 daAuts
     D:2: 1059 daAuts
     D:6: 948 daAuts
     D:1: 781 daAuts
     D:4: 733 daAuts
     D:9: 666 daAuts
  Temple: 20 daAuts
